 Dungeon Crawl Stone Soup version 0.26-a0-952-g76694b35de (webtiles) character file.

Game seed: 9875946634101282318

21 mhtbhm the Sneak (level 2, 0/19 HPs)
             Began as a Gargoyle Delver on Nov 30, 2020.
             Slain by an ogre
             ... wielding a +0 giant club
              (10 damage)
             ... on level 4 of the Dungeon.
             The game lasted 00:01:50 (1210 turns).

mhtbhm the Sneak (Gargoyle Delver)                  Turns: 1210, Time: 00:01:50

Health: 0/19       AC:  8    Str: 15    XL:     2   Next: 83%
Magic:  2/2        EV: 11    Int: 10    God:
Gold:   47         SH:  0    Dex: 11    Spells: 1/1 levels left

rFire    . . .     SeeInvis .   a - +0 mace
rCold    . . .     Faith    .   (no shield)
rNeg     + . .     Spirit   .   b - +0 leather armour
rPois    ∞         Reflect  .   (no helmet)
rElec    +         Harm     .   i - +2 cloak
rCorr    .         Rampage  .   (no gloves)
MR       .....                  (no boots)
Stlth    +++.......             (no amulet)
HPRegen  0.06/turn              (no ring)
MPRegen  0.08/turn              (no ring)

@: about to teleport
A: negative energy resistance 1, electricity resistance, unbreathing,
petrification resistance, rot immunity, AC +2
a: no special abilities


You were on level 4 of the Dungeon.
You visited 1 branch of the dungeon, and saw 3 of its levels.

You collected 47 gold pieces.

Inventory:

Hand Weapons
 a - a +0 mace (weapon)
Armour
 b - a +0 leather armour (worn)
 i - a +2 cloak (worn)
Wands
 g - a wand of digging (3)
Scrolls
 c - a scroll of fog
 d - a scroll of magic mapping
 h - a scroll of random uselessness {unknown}
Potions
 f - a potion of haste


   Skills:
 + Level 3.4 Fighting
 + Level 2.1 Maces & Flails
 + Level 0.8 Armour
 + Level 1.6 Dodging
 + Level 6.0 Stealth


You had one spell level left.
You didn't know any spells.
Your spell library was empty.

Dungeon Overview and Level Annotations

Branches:
Dungeon (6/15)
 Temple: D:4-7

Altars:
Kikubaaqudgha
Uskayaw
The Shining One


Innate Abilities, Weirdness & Mutations

You are resistant to torment.
Your stone body is resilient. (AC +2)
You are immune to poison.
You resist negative energy. (rN+)
You are resistant to electric shocks. (rElec)
You can survive without breathing.
You are immune to petrification.
You are immune to rotting.


Message History

You climb upwards.
There is a stone staircase leading down here.
Unknown command.
Found a stone staircase leading up.
There is a stone staircase leading up here.
The ogre hits you with a +0 giant club!
You climb upwards. 2 adders and 2 gnolls come into view.
A gnoll is wielding a +1 spear of venom.
Found a scroll of teleportation.
There is a stone staircase leading down here.
Unknown command.
The ogre barely misses you.
You see here a scroll of teleportation.
The ogre closely misses you.
A frilled lizard comes into view.
As you read the scroll of teleportation, it crumbles to dust.
You feel strangely unstable. The ogre hits you with a +0 giant club!
Ouch! That really hurt!
You die...

l.# #.# #.#
#.#..#.###
#.#.g....#
#.##.S...
#.##....# #@#
..g.# #O# ...#
#g####..####
#?.........###
####...>.....#
#.........#
#.........#
#.........#
#.......S.#


You could see an ogre, a gnoll and a frilled lizard (asleep).

Vanquished Creatures
  2 gnolls (D:6)
  A leopard gecko zombie (D:6)
3 creatures vanquished.

Notes
Turn   | Place    | Note
-------+----------+-------------------------------------------
     0 | D:5      | mhtbhm the Gargoyle Delver began the quest for the Orb.
     0 | D:5      | Reached XP level 1. HP: 14/14 MP: 1/1
     5 | D:5      | Found a hide-covered altar of Uskayaw.
    20 | D:5      | Noticed a scorpion
   317 | D:6      | Found an ancient bone altar of Kikubaaqudgha.
   383 | D:6      | Reached XP level 2. HP: 13/19 MP: 2/2
   865 | D:6      | Reached skill level 6 in Stealth
   893 | D:6      | Noticed a phantom
  1138 | D:6      | Noticed an ogre
  1169 | D:6      | Found a glowing golden altar of the Shining One.
  1210 | D:4      | Slain by an ogre

Illustrated notes

Levels and vault maps discovered:
D:4:      layout_basic, minmay_temple_entry_purple_smoke, serial_shops,
          nicolae_shop_behind_doors, uniq_sigmund, uniq_duvessa
D:5:      layout_basic, kennysheep_mini_moat, fiery_altar_vehumet,
          eat_drink_and_be_merry_uskayaw, minmay_misc_feat_hallway,
          uniq_eustachio
D:6:      layout_cave_pools, overflow_temple_1_default,
          nicolae_overflow_crystal_walls, serial_gnoll_camp,
          gnoll_camp_mini_shop, gnoll_camp_mini_sergeant,
          gnoll_camp_mini_loothouse, gnoll_camp_medium_02, trog_wizard,
          uniq_edmund, uniq_blork_the_orc

Skill      XL: |  1  2 |
---------------+-------+-----
Stealth        | 6 |  6.0
Fighting       | |  3.4
Maces & Flails | |  2.1
Armour         | |  0.8
Dodging        | |  1.6

Action                   || total
-------------------------++-------
Melee: Mace              ||    25
  Use: Scroll            ||     3
       Potion            ||     1
 Stab: Sleeping          ||     1
Armor: Skin              ||     6
       Leather armour    ||     1
Dodge: Dodged            ||    14

Table legend: (Time is in decaauts)
 A = Elapsed time spent in this place.
 B = Non-inter-level travel time spent in this place.
 C = Inter-level travel time spent in this place.
 D = Time resting spent in this place.
 E = Time spent auto-exploring this place.
 F = Levels seen in this place.
 G = Mean time per level.
                   A        B        C        D        E       F      G
               +--------+--------+--------+--------+--------+-----+--------+
         Total |   1218 |   1218 |      0 |    664 |    330 |   3 |  406.0 |
       Dungeon |   1218 |   1218 |      0 |    664 |    330 |   3 |  406.0 |
               +--------+--------+--------+--------+--------+-----+--------+

Top non-repeatable levels by time:
     D:6: 1150 daAuts
     D:5: 58 daAuts
     D:4: 9 daAuts
